 Dungeon Crawl Stone Soup version 0.30-a0-172-gc5509c9e31 (webtiles) character file.

Game seed: 12662766859898268145

1339 KennySheep the Trooper (level 8, 0/84 HPs)
             Began as an Ogre Gladiator on Oct 2, 2022.
             Was an Initiate of Yredelemnul.
             Succumbed to a hornet's poison
             ... on level 7 of the Dungeon.
             The game lasted 00:08:25 (6321 turns).

KennySheep the Trooper (Ogre Gladiator)             Turns: 6321, Time: 00:08:26

Health: 0/84       AC:  4    Str: 21    XL:     8   Next: 61%
Magic:  8/8        EV: 11    Int:  9    God:    Yredelemnul [......]
Gold:   438        SH:  0    Dex: 10    Spells: 7/7 levels left

rFire   . . .      SeeInvis .    m - +2 morningstar (flame)
rCold   . . .      Faith    .    (no shield)
rNeg    . . .      Spirit   .    b - +0 robe
rPois   .          Reflect  .    l - +1 hat
rElec   .          Harm     .    (no cloak)
rCorr   .          Rampage  .    (gloves unavailable)
Will    .....                    (boots unavailable)
Stlth   +.........               (no amulet)
HPRegen 0.34/turn                (no ring)
MPRegen 0.11/turn                (no ring)

@: lethally poisoned (0 -> -26), slowed, very slow
A: large, unfitting armour, tough skin 1
a: Renounce Religion, Recall Undead Harvest


You were on level 7 of the Dungeon.
You worshipped Yredelemnul.
Yredelemnul was noncommittal.
You visited 1 branch of the dungeon, and saw 7 of its levels.

You collected 438 gold pieces.

Inventory:

Hand Weapons
 a - a +0 flail
 m - a +2 morningstar of flaming (weapon)
 u - a +0 giant club
Missiles
 d - a throwing net (quivered)
 n - a large rock
Armour
 b - a +0 robe (worn)
 c - a +0 hat
 l - a +1 hat (worn)
Scrolls
 e - a scroll of fog
 f - 3 scrolls of teleportation
 g - 3 scrolls of noise
 h - a scroll of silence {unknown}
 k - 2 scrolls of vulnerability
 q - a scroll of fear
 r - 4 scrolls of amnesia {unknown}
 s - 3 scrolls of enchant armour {unknown}
 t - 3 scrolls of blinking {unknown}
 y - a scroll of poison {unknown}
 z - a scroll of identify
Potions
 i - 5 potions of curing
 j - a potion of resistance
 o - a potion of degeneration {unknown}
 p - a potion of lignification {unknown}
 v - a potion of magic {unknown}
 w - a potion of mutation {unknown}
 x - a potion of haste {unknown}


   Skills:
 + Level 6.5 Fighting
 * Level 6.4 Maces & Flails
 + Level 5.1 Throwing
 + Level 4.8 Dodging
 + Level 0.5 Invocations


You had 7 spell levels left.
You didn't know any spells.
Your spell library contained the following spells:

 Spells                   Type           Power      Damage    Failure   Level
 Beastly Appendage        Tmut           0%         N/A       38%         1
 Shock                    Conj/Air       0%         1d3       38%         1
 Summon Small Mammal      Summ           0%         N/A       38%         1
 Wereblood                Tmut           0%         N/A       52%         2
 Call Canine Familiar     Summ           0%         N/A       77%         3
 Spider Form              Tmut/Pois      0%         N/A       77%         3
 Summon Guardian Golem    Hex/Summ       0%         N/A       77%         3
 Swiftness                Air            0%         N/A       77%         3
 Airstrike                Air            0%         2d(0-16)  99%         4


Dungeon Overview and Level Annotations

Branches:
Dungeon (7/15)
 Temple: D:4-7

Altars:
Elyvilon
Nemelex Xobeh
Yredelemnul


Innate Abilities, Weirdness & Mutations

You are too large for most types of armour.
You have tough skin. (AC +1)


Message History

The sky beast struggles against the net.
You closely miss the hornet.
The hornet is moderately wounded.
The hornet struggles against the net.
The net rips apart, and the hornet comes free!
The sky beast struggles against the net.
The hornet barely misses you.
You puncture the hornet! You burn the hornet.
The hornet is almost dead.
The hornet stings you!
You suddenly lose the ability to move!
The sky beast flickers out of sight!
Deactivating autopickup; reactivate with Ctrl-A.
Something wriggles in the net.
The hornet stings you.
You are poisoned.
You feel yourself slow down.
Something wriggles in the net.
All of a sudden the net rips apart!
You feel very sick. The hornet stings you!
You are more poisoned.
You feel as though you will be slow longer.
The hornet stings you but does no damage.
A jelly comes into view.
The orc priest hits you with a +1 flail of protection!
* * * LOW HITPOINT WARNING * * *
You can move again.
You miss the hornet.
The hornet is almost dead.
* * * LOW HITPOINT WARNING * * *
You feel extremely sick.
The jelly quivers.
The hornet barely misses you.
The orc priest looks encouraged for a moment.
The hornet stings you!
* * * LOW HITPOINT WARNING * * *
You are more poisoned.
You feel as though you will be slow longer.
You sock the hornet! You burn the hornet.
You kill the hornet!
You die...
Your body rises from the dead as a mindless zombie.

#### ...##
#....#
###...#.#
#......^.
####....#
#...@o#.#
#.#..o..#
#....#.......(
.........##.##.
#.#...###.# .#
# #.#. .z .
#..$ .#. ##..
.##. ..


You could see a wight, an orc priest and an orc.

Vanquished Creatures
  A hornet (D:7)
  Grinder (D:3)
  A water moccasin (D:6)
  2 ice beasts (D:5)
  3 ogres
  2 scorpions (D:5)
  3 orc priests
  2 hounds
  2 orc wizards (D:6)
  2 iguanas
  5 gnolls
  11 adders
  21 orcs
  5 bats
  5 endoplasms
  4 giant cockroaches
  4 goblins
  10 hobgoblins
  2 jackals (D:2)
  4 kobolds
  3 quokkas
  8 ball pythons
  A frilled lizard (D:3)
  5 rats
107 creatures vanquished.

Vanquished Creatures (others)
  An adder zombie (D:6)
1 creature vanquished.

Grand Total: 108 creatures vanquished

Notes
Turn   | Place    | Note
-------+----------+-------------------------------------------
     0 | D:1      | KennySheep the Ogre Gladiator began the quest for the Orb.
     0 | D:1      | Reached XP level 1. HP: 22/22 MP: 1/1
    51 | D:1      | Reached XP level 2. HP: 22/29 MP: 2/2
   379 | D:1      | Reached XP level 3. HP: 37/37 MP: 3/3
  1463 | D:2      | Reached XP level 4. HP: 30/45 MP: 4/4
  2180 | D:3      | Reached XP level 5. HP: 50/54 MP: 5/5
  2552 | D:3      | Noticed Grinder
  2559 | D:3      | Paralysed by Grinder for 3 turns
  2564 | D:3      | Killed Grinder
  2565 | D:3      | Reached XP level 6. HP: 16/63 MP: 6/6
  3177 | D:4      | Reached XP level 7. HP: 67/71 MP: 7/7
  3869 | D:5      | Entered Level 5 of the Dungeon
  3875 | D:5      | Reached skill level 5 in Fighting
  3884 | D:5      | Reached skill level 5 in Maces & Flails
  4148 | D:5      | Reached XP level 8. HP: 28/83 MP: 8/8
  5455 | D:6      | Found a sparkling altar of Nemelex Xobeh.
  5531 | D:6      | Reached skill level 5 in Throwing
  5693 | D:6      | Found a white marble altar of Elyvilon.
  5822 | D:6      | Found a basalt altar of Yredelemnul.
  5830 | D:6      | Became a worshipper of Yredelemnul the Dark
  5984 | D:6      | Reached * piety under Yredelemnul
  6311 | D:7      | Noticed a hornet
  6318 | D:7      | Paralysed by a hornet for 2 turns
  6321 | D:7      | Killed a hornet
  6321 | D:7      | Succumbed to a hornet's poison

Illustrated notes

Levels and vault maps discovered:
D:1:      heliophobic_arrival_battle_scene, layout_basic, bh_walls_and_bars
D:2:      layout_basic
D:3:      layout_basic, uniq_grinder
D:4:      layout_loops_ring
D:5:      nicolae_BIG_FREAKIN_CUBE, layout_layer_cave, grunt_tough_drop
D:6:      layout_loops_ring, kennysheep_ying_yang, nemelex_dance_club_becter
D:7:      layout_basic, nicolae_overflow_squiral, minmay_temple_entry_poolview,
          minmay_fractal_squares_5, uniq_pikel

Skill      XL: |  1  2  3  4  5  6  7  8 |
---------------+-------------------------+-----
Maces & Flails | 3 4 5 6 |  6.4
Fighting       | 3 4 5 6 |  6.5
Dodging        | 3 4 |  4.8
Throwing       | 3 4 5 |  5.1
Invocations    | |  0.5

Action                   |  1- 3 |  4- 6 |  7- 9 || total
-------------------------+-------+-------+-------++-------
Melee: Flail             |    95 |    24 |       ||   119
       Punch             |     1 |     2 |     4 ||     7
       Morningstar       |       |    72 |   122 ||   194
Throw: Large rock        |       |     1 |       ||     1
       Throwing net      |       |       |     2 ||     2
  Use: Potion            |     2 |       |       ||     2
       Scroll            |     1 |     1 |     3 ||     5
 Stab: Sleeping          |     1 |     1 |     3 ||     5
Armor: Robe              |    28 |    27 |    28 ||    83
Dodge: Dodged            |    54 |    43 |    62 ||   159

Table legend: (Time is in decaauts)
 A = Elapsed time spent in this place.
 B = Non-inter-level travel time spent in this place.
 C = Inter-level travel time spent in this place.
 D = Time resting spent in this place.
 E = Time spent auto-exploring this place.
 F = Levels seen in this place.
 G = Mean time per level.
                   A        B        C        D        E       F      G
               +--------+--------+--------+--------+--------+-----+--------+
         Total |   6398 |   6202 |    196 |    586 |   4784 |   7 |  914.0 |
       Dungeon |   6398 |   6202 |    196 |    586 |   4784 |   7 |  914.0 |
               +--------+--------+--------+--------+--------+-----+--------+

Top non-repeatable levels by time:
     D:5: 1417 daAuts
     D:3: 1233 daAuts
     D:6: 1039 daAuts
     D:1: 1018 daAuts
     D:4: 847 daAuts
     D:2: 828 daAuts
     D:7: 12 daAuts
